 Dungeon Crawl Stone Soup version 0.23.1 (webtiles) character file.

Game seed: 10801705297366047009

53 Norn the Poker (level 3, 0/28 HPs)
             Began as a Merfolk Skald on Mar 12, 2019.
             Slain by an adder (4 damage)
             ... on level 1 of the Dungeon.
             The game lasted 00:02:46 (1388 turns).

Norn the Poker (Merfolk Skald)                      Turns: 1388, Time: 00:02:47

Health: 0/28       AC:  3    Str: 11    XL:     3   Next: 87%
Magic:  5/6        EV: 13    Int: 13    God:
Gold:   18         SH:  0    Dex: 13    Spells: 5/6 levels left

rFire    + . .     SeeInvis .   a - +0 spear
rCold    + . .     Gourm    .   (no shield)
rNeg     . . .     Faith    .   b - +0 leather armour
rPois    +         Spirit   .   (no helmet)
rElec    +         Reflect  .   (no cloak)
rCorr    +         Harm     .   (no gloves)
MR       .....                  (no boots)
Stlth    +.........             (no amulet)
HPRegen  0.09/turn              (no ring)
MPRegen  0.10/turn              (no ring)

@: lethally poisoned (0 -> -4), resistant, flying, very slightly contaminated
A: change form in water, swift swim, stealthy swim
a: no special abilities


You were on level 1 of the Dungeon.
You were not hungry.

You visited 1 branch of the dungeon, and saw 2 of its levels.

You collected 18 gold pieces.

Inventory:

Hand Weapons
 a - a +0 spear (weapon)
Armour
 b - a +0 leather armour (worn)
Scrolls
 c - a scroll of fear {unknown}
 h - 2 scrolls of identify {unknown}
 i - a scroll of fog {unknown}
 j - 3 scrolls of enchant weapon {unknown}
 k - a scroll of remove curse {unknown}
Potions
 g - a potion of magic {unknown}
 l - 2 potions of resistance
Comestibles
 d - 2 chunks of flesh
 e - 5 rations {!d}


   Skills:
 + Level 2.7 Fighting
 * Level 4.4 Polearms
 - Level 0.6 Armour
 + Level 3.3 Dodging
 - Level 2.0 Spellcasting
 + Level 3.7 Charms


You had 5 spell levels left.
You knew the following spells:

 Your Spells              Type           Power        Failure   Level  Hunger
a - Infusion              Chrm           ##..         7%          1    ##.....

Your spell library contained the following spells:

 Spells                   Type           Power        Failure   Level  Hunger
 Song of Slaying          Chrm           ##......     11%         2    ###....
 Shroud of Golubria       Chrm/Tloc      #.........   24%         2    ###....
 Regeneration             Chrm/Necr      #.........   43%         3    ####...
 Spectral Weapon          Hex/Chrm       #.......     43%         3    ####...


Dungeon Overview and Level Annotations

Branches:
Dungeon (2/15)

Altars:


Message History

A ball python comes into view.
There are monsters nearby!
There are monsters nearby!
An adder comes into view.
The adder hisses angrily.
You hear a shout!
A goblin comes into view.
You hear a shout!
Found 26 stones.
You miscast Infusion.
You are very lightly contaminated with residual magic.
Nothing appears to happen.
The adder bites you.
You hit the adder but do no damage. The adder bites you.
The ball python bites you but does no damage.
The ball python barely misses you.
You barely miss the adder. The adder barely misses you.
The ball python bites you. The ball python grabs you.
* * * LOW HITPOINT WARNING * * *
The ball python constricts you.
You escape the ball python's grasp.
A kobold comes into view.
The kobold shouts!
A kobold opens the door.
The adder bites you but does no damage. The adder bites you.
* * * LOW HITPOINT WARNING * * *
The adder barely misses you. The ball python bites you.
* * * LOW HITPOINT WARNING * * *
The ball python barely misses you.
There is a stone staircase leading up here.
The adder barely misses you. The ball python closely misses you. x2
You climb upwards.
There is a stone staircase leading down here.
The adder closely misses you. The adder bites you.
* * * LOW HITPOINT WARNING * * *
You are poisoned.
The adder poisons you!
You feel sick.
You miscast Infusion.
You feel a strange surge of energy! The adder bites you but does no damage.
The adder bites you.
* * * LOW HITPOINT WARNING * * *
You are lethally poisoned!
The adder poisons you!
It was a potion of resistance.
You feel protected.
* * * LOW HITPOINT WARNING * * *
You feel sick. The adder closely misses you.
It was a potion of flight.
You feel very buoyant.
You fly up into the air.
The adder bites you.
You die...

.#
####.#.............########.#
.#
#....#.#.##.####...##.......#
.#
#.####.#.........####.#######
.# #.##.#..###......##...# ##
#....#..# #......##.###
####.#..# #.........# #....#
#.......### ###.## ##+####.#
#.# #@# #.# #^# #S## #.###
#.# #S.# #...# #.# ##.#####.#
#.# #.>......# #.#
##.######## #.# #..# #.# #.##
#.# #.#


You could see an adder and a ball python.

Vanquished Creatures
  An adder (D:2)
  An ooze (D:1)
  3 dart slugs (D:1)
  A leopard gecko (D:2)
  A bat (D:1)
  4 goblins (D:1)
  3 hobgoblins (D:1)
  6 jackals
  A quokka (D:1)
  A frilled lizard (D:1)
  3 kobolds (D:1)
  4 rats
29 creatures vanquished.

Notes
Turn   | Place    | Note
-------+----------+-------------------------------------------
     0 | D:1      | Norn the Merfolk Skald began the quest for the Orb.
     0 | D:1      | Reached XP level 1. HP: 16/16 MP: 3/3
    84 | D:1      | Reached XP level 2. HP: 10/23 MP: 0/5
   438 | D:1      | Reached XP level 3. HP: 26/28 MP: 4/6
   468 | D:1      | Reached skill level 4 in Polearms
  1388 | D:1      | Slain by an adder

Skill      XL: |  1  2  3 |
---------------+----------+-----
Dodging        | 3 |  3.3
Polearms       | 4 |  4.4
Fighting       | |  2.7
Armour         | |  0.6
Spellcasting   | |  2.0
Charms         | |  3.7

Action                   || total
-------------------------++-------
Melee: Spear             ||   105
 Cast: Infusion          ||     6
  Use: Potion            ||     2
 Stab: Sleeping          ||     1
  Eat: Chunk             ||     2
Armor: Leather armour    ||    22
Dodge: Dodged            ||    57
